 Dungeon Crawl Stone Soup version 0.28.0-45-g0d030f2227 (webtiles) character file.

Game seed: 11302687067441551627

135 Icepheonix32 the Skirmisher (level 4, -2/35 HPs)
             Began as a Demonspawn Fighter on Apr 12, 2022.
             Slain by a gnoll
             ... wielding a +0 flail
              (6 damage)
             ... on level 2 of the Dungeon.
             The game lasted 00:01:46 (1347 turns).

Icepheonix32 the Skirmisher (Demonspawn Fighter)    Turns: 1347, Time: 00:01:47

Health: -2/35      AC:  6    Str: 18    XL:     4   Next: 97%
Magic:  0/4        EV: 11    Int:  9    God:
Gold:   76         SH:  4    Dex: 13    Spells: 3/3 levels left

rFire   . . .      SeeInvis .   a - +0 long sword
rCold   . . .      Faith    .   c - +0 buckler
rNeg    . . .      Spirit   +   b - +0 scale mail
rPois   .          Reflect  .   (no helmet)
rElec   .          Harm     .   (no cloak)
rCorr   .          Rampage  .   (no gloves)
Will    .....                   (no boots)
Stlth   ..........              g - amulet of guardian spirit
HPRegen 0.11/turn               (no ring)
MPRegen 0.09/turn               (no ring)

@: no status effects
A: repulsion field 1, powered by death 1
a: no special abilities


You were on level 2 of the Dungeon.
You visited 1 branch of the dungeon, and saw 2 of its levels.

You collected 76 gold pieces.

Inventory:

Hand Weapons
 a - a +0 long sword (weapon)
Missiles
 e - a silver javelin (quivered)
Armour
 b - a +0 scale mail (worn)
 c - a +0 buckler (worn)
 d - a +0 chain mail
Jewellery
 g - an amulet of guardian spirit (around neck)
Scrolls
 f - a scroll of identify {unknown}
 h - a scroll of magic mapping {unknown}
 i - a scroll of enchant weapon {unknown}


   Skills:
 + Level 3.5 Fighting
 + Level 3.1 Long Blades
 + Level 0.2 Throwing
 + Level 3.5 Armour
 * Level 0.6 Dodging
 + Level 0.1 Stealth
 + Level 3.1 Shields


You had 3 spell levels left.
You didn't know any spells.
Your spell library contained the following spells:

 Spells                   Type           Power      Damage    Failure   Level
 Scorch                   Fire           0%         2d5       94%         2
 Flame Wave               Conj/Fire      0%         2d4       100%        4
 Summon Cactus Giant      Summ           0%         N/A       100%        6


Dungeon Overview and Level Annotations

Branches:
Dungeon (2/15)

Altars:


Innate Abilities, Weirdness & Mutations

You are surrounded by a mild repulsion field. (EV +2)
You regenerate a little health from kills.


Message History

The gnoll hits you with a +0 spear. x2
You closely miss the gnoll.
The gnoll is moderately wounded.
The gnoll hits you but does no damage.
You hit the gnoll.
The gnoll is heavily wounded.
The gnoll hits you with a +0 spear.
You hit the gnoll.
The gnoll is severely wounded.
The gnoll hits you but does no damage. The gnoll closely misses you.
You slash the gnoll!
You kill the gnoll!
The gnoll hits you but does no damage.
You barely miss the gnoll. The gnoll hits you with a +0 club.
Unknown command.
You aren't carrying any potions.
Unknown command.
You hit the gnoll.
The gnoll is heavily wounded.
The gnoll hits you but does no damage.
You hit the gnoll.
The gnoll is almost dead.
The gnoll barely misses you.
You barely miss the gnoll.
The gnoll is almost dead.
The gnoll hits you but does no damage. The gnoll hits you with a +0 club.
You slash the gnoll!
You kill the gnoll!
The gnoll hits you with a +0 flail!
* * * LOW HITPOINT WARNING * * *
Unknown command.
You barely miss the gnoll. The gnoll misses you.
Unknown command.
You hit the gnoll.
The gnoll is heavily wounded.
The gnoll misses you.
You completely miss the gnoll.
The gnoll is heavily wounded.
The gnoll hits you with a +0 flail!
You die...

##..##.#.# #.#.# ##..##.#.#
#.#.### ##...#.#.# #.#...#
##.....#.##########.#≈#.##
####.#.#............≈≈♣..# #
#.#.#####...####♣≈≈≈♣.# #
#.#.# #.#...# ♣≈P≈≈..# ##.#.#
#...#.# ♣≈P≈≈...# ###....#
#...#@#♣≈≈gP≈...# .......#
###.#g#♣g≈≈≈≈...♣## ##..†..##
#.#.#≈≈≈≈P≈...≈≈# #.......#
#...≈≈≈≈≈≈≈..≈≈♣♣ #.......#
#..♣≈≈≈≈≈≈....≈≈♣
#.......######..♣≈≈≈≈≈≈...≈≈≈♣
##<.............♣♣≈≈≈≈♣≈..≈≈≈♣
#....########.#♣≈≈≈≈≈≈...≈P≈♣
#.#### #.#♣P≈≈≈≈.≈..≈≈P♣


You could see a gnoll.

Vanquished Creatures
  Jessica (D:2)
  Terence (D:2)
  3 gnolls (D:2)
  2 adders (D:2)
  2 dart slugs
  A bat (D:1)
  An endoplasm (D:1)
  7 goblins
  3 hobgoblins
  3 jackals (D:2)
  2 quokkas
  4 ball pythons
  3 frilled lizards
  2 kobolds
  2 rats (D:2)
37 creatures vanquished.

Vanquished Creatures (others)
  19 plants (D:2)
19 creatures vanquished.

Grand Total: 56 creatures vanquished

Notes
Turn   | Place    | Note
-------+----------+-------------------------------------------
     0 | D:1      | Icepheonix32 the Demonspawn Fighter began the quest for the
                  | Orb.
     0 | D:1      | Reached XP level 1. HP: 18/18 MP: 1/1
   154 | D:1      | Found a faded altar of an unknown god.
   172 | D:1      | Gained mutation: You regenerate a little health from kills.
                  | [demonic ancestry]
   172 | D:1      | Reached XP level 2. HP: 23/24 MP: 2/2
   576 | D:2      | Reached XP level 3. HP: 29/29 MP: 3/3
   615 | D:2      | Noticed Terence
   629 | D:2      | Killed Terence
   861 | D:2      | Gained mutation: You are surrounded by a mild repulsion
                  | field. (EV +2) [demonic ancestry]
   861 | D:2      | Reached XP level 4. HP: 31/35 MP: 2/4
  1144 | D:2      | Noticed Jessica
  1157 | D:2      | Killed Jessica
  1347 | D:2      | Slain by a gnoll

Illustrated notes

Levels and vault maps discovered:
D:1:      tarquinn_simple_flora_water_f, layout_rooms, basic_ecumenical_altar,
          chequers_serial_rivers_micro_d
D:2:      layout_loops_ring, serial_bayou, serial_bayou_pond_a,
          serial_bayou_pond_d, serial_bayou_ford_a, serial_bayou_crossing,
          kennysheep_generic_room_12, uniq_terence, uniq_jessica

Skill      XL: |  1  2  3  4 |
---------------+-------------+-----
Long Blades    | 2 3 |  3.1
Shields        | 3 |  3.1
Armour         | 3 |  3.5
Fighting       | |  3.5
Throwing       | |  0.2
Dodging        | |  0.6
Stealth        | |  0.1

Action                   |  1- 3 |  4- 6 || total
-------------------------+-------+-------++-------
Melee: Long sword        |    68 |    35 ||   103
Throw: Javelin           |     6 |     1 ||     7
  Use: Potion            |     1 |       ||     1
Armor: Scale mail        |    27 |     8 ||    35
Dodge: Dodged            |    28 |    17 ||    45
Block: Buckler           |     6 |     5 ||    11
